 Dungeon Crawl Stone Soup version 0.19-a0-1626-g5215c36 (webtiles) character file.

425 4thArraOfDagon the Slasher (level 6, -5/48 HPs)
             Began as a Vampire Gladiator on Sept 18, 2016.
             Slain by an orc warrior
             ... wielding a +0 long sword of electrocution
              (12 damage)
             ... on level 6 of the Dungeon.
             The game lasted 00:04:57 (1032 turns).

4thArraOfDagon the Slasher (Vampire Gladiator)      Turns: 1032, Time: 00:04:57

Health: -5/48      AC:  7    Str: 14    XL:     6   Next: 64%
Magic:  6/6        EV: 13    Int: 11    God:
Gold:   105        SH:  0    Dex: 16    Spells: 0 memorised, 5 levels left

rFire  . . .     SeeInvis +     a - +0 long sword
rCold  . . .     Gourm    .     e - +0 ring mail
rNeg   . . .     Faith    .     (no shield)
rPois  .         Spirit   .     c - +1 helmet
rElec  .         Dismiss  .     (no cloak)
rCorr  .         Reflect  .     (no gloves)
MR     .....     Harm     .     (no boots)
Stlth  +.........               i - amulet of magic regeneration
                                (no ring)
                                g - ring of wizardry

@: regenerating quickly
A: fangs 3, see invisible, unbreathing
a: no special abilities


You were on level 6 of the Dungeon.
You were almost alive.

You visited 1 branch of the dungeon, and saw 6 of its levels.

You collected 105 gold pieces.

Inventory:

Hand Weapons
 a - a +0 long sword (weapon)
Armour
 b - a +0 leather armour
 c - a +1 helmet (worn)
 e - a +0 ring mail (worn)
 f - a +0 scale mail
Jewellery
 g - a ring of wizardry (left hand)
 i - an amulet of magic regeneration (around neck)
Scrolls
 j - a scroll of identify {unknown}
 l - a scroll of amnesia {unknown}
Potions
 h - 4 potions of blood
 k - 3 potions of curing


   Skills:
 + Level 3.7 Fighting
 * Level 5.6 Long Blades
 - Level 1.5 Throwing
 + Level 4.9 Dodging


You had 5 spell levels left.
You didn't know any spells.

Dungeon Overview and Level Annotations

Branches:
Dungeon (6/15)
 Temple: D:4-7

Altars:
Nemelex Xobeh
Trog

Annotations:
D:4 Dowan, Duvessa, Menkaure
D:5 Bronet's ghost, novice MfBe


Innate Abilities, Weirdness & Mutations

Your natural rate of healing is unusually fast.
You have razor-sharp teeth.
You have supernaturally acute eyesight. (SInv)
You can survive without breathing.


Message History

You bite the orc warrior, but do no damage.
The orc warrior is severely wounded.
The orc warrior struggles against the net.
You hit the orc warrior.
The orc warrior is severely wounded.
The orc warrior struggles against the net.
You hit the orc warrior.
The orc warrior is almost dead.
The orc warrior struggles against the net.
You catch the helpless orc warrior completely off-guard!
You hit the orc warrior.
The orc warrior is almost dead.
The orc warrior struggles against the net.
The net rips apart, and the orc warrior comes free!
You barely miss the orc warrior.
The orc warrior is almost dead.
The orc warrior hits you with a long sword of electrocution!
* * * LOW HITPOINT WARNING * * *
You are electrocuted!
You die...

#.# #.# #.# #.#
.. #.# .. ... #.
#.# #####. #.#
......#######@#
#####........o.#
.......†########
#.####..# #.#
#.<# #<# #..#
....# #..# ###..
...# #.#######


You could see an orc warrior.

Vanquished Creatures
  A centaur (D:5)
  A bullfrog (D:6)
  A scorpion (D:5)
  A hound (D:5)
  Ijyb (D:3)
  A worker ant (D:5)
  A howler monkey zombie (D:5)
  2 worker ant zombies (D:5)
  3 adders
  3 gnolls (D:2)
  A howler monkey skeleton (D:5)
  A worm (D:5)
  2 dart slugs
  A leopard gecko (D:3)
  11 orcs
  7 goblins
  2 hobgoblins (D:2)
  3 jackals (D:5)
  A quokka (D:3)
  3 bats (D:3)
  A frilled lizard (D:3)
  3 kobolds (D:3)
51 creatures vanquished.

Notes
Turn   | Place    | Note
-------+----------+-------------------------------------------
     0 | D:1      | 4thArraOfDagon the Vampire Gladiator began the quest for the Orb.
     0 | D:1      | Reached XP level 1. HP: 16/16 MP: 1/1
    44 | D:2      | Reached XP level 2. HP: 22/22 MP: 2/2
    98 | D:2      | Reached XP level 3. HP: 4/28 MP: 3/3
   262 | D:3      | Found a sparkling altar of Nemelex Xobeh.
   329 | D:3      | Reached skill level 4 in Long Blades
   332 | D:3      | Reached XP level 4. HP: 24/34 MP: 4/4
   358 | D:3      | Noticed Ijyb
   381 | D:3      | Killed Ijyb
   441 | D:3      | jacquesderrida: ...
   460 | D:3      | jacquesderrida: DAGAN
   464 | D:2      | jacquesderrida: ...
   610 | D:4      | Noticed Menkaure
   610 | D:4      | Noticed Duvessa
   610 | D:4      | Noticed Dowan
   617 | D:4      | jacquesderrida: waw
   630 | D:5      | Entered Level 5 of the Dungeon
   704 | D:6      | Reached XP level 5. HP: 41/41 MP: 5/5
   815 | D:5      | Reached skill level 5 in Long Blades
   819 | D:5      | Reached XP level 6. HP: 44/47 MP: 6/6
   915 | D:5      | Noticed Bronet's ghost (novice MfBe)
   918 | D:5      | Found a bloodstained altar of Trog.
   973 | D:6      | Noticed an orc warrior
  1032 | D:6      | Slain by an orc warrior

Vault maps used:
D:1:      scummos_arrival_simple_crosswalls
D:2:      first_bread
D:3:      kennysheep_the_goblin_king, nemelex_altar_shiori
D:4:      kennysheep_slugbush, amethyst_overflow_temple_binary,
          kennysheep_slug_shrine, nicolae_ru_path_of_blood, uniq_menkaure,
          uniq_duvessa, uniq_blork_the_orc
D:5:      trog_book
D:6:      uniq_edmund

Skill      XL: |  1  2  3  4  5 |
---------------+----------------+-----
Fighting       | 2 3 |  3.7
Long Blades    | 4 5 |  5.6
Dodging        | 4 |  4.9
Throwing       | |  1.5

Action                   |  1- 3 |  4- 6 || total
-------------------------+-------+-------++-------
Melee: Long sword        |    77 |   198 ||   275
       Bite              |     6 |    17 ||    23
Throw: Throwing net      |     3 |     3 ||     6
  Use: Potion            |     1 |     3 ||     4
       Scroll            |       |     3 ||     3
 Stab: Held in net/web   |     1 |     3 ||     4
  Eat: Corpse            |     7 |     5 ||    12
Armor: Leather armour    |     3 |       ||     3
       Ring mail         |     2 |    57 ||    59
Dodge: Dodged            |    50 |   120 ||   170
